 Dungeon Crawl Stone Soup version 0.20.0-4-g10b340a (webtiles) character file.

9419 xgamer67 the Basher (level 11, -16/90 HPs)
             Began as a Formicid Enchanter on May 27, 2017.
             Was a Priest of Ru.
             Demolished by a manticore (18 damage)
             ... on level 15 of the Dungeon.
             The game lasted 00:57:59 (15561 turns).

xgamer67 the Basher (Formicid Enchanter)           Turns: 15561, Time: 00:58:00

Health: -16/90     AC: 12    Str: 16    XL:     11   Next: 74%
Magic:  13/17      EV:  7    Int: 15    God:    Ru [***...]
Gold:   209        SH:  9    Dex: 11    Spells: 8/18 levels left

rFire    + . .     SeeInvis +   a - +2 whip (elec)
rCold    + . .     Gourm    .   q - +1 buckler
rNeg     . . .     Faith    .   w - +0 chain mail (curse)
rPois    .         Spirit   .   (helmet unavailable)
rElec    .         Reflect  +   (no cloak)
rCorr    .         Harm     .   c - +0 pair of gloves
MR       +....                  K - +0 pair of boots
Stlth    ..........             x - amulet "Kur Ofugi" {Reflect +Inv SH+3}
Regen    0.3/turn               (no ring)
MPRegen  0.2/turn               f - ring of wizardry

@: no status effects
A: permanent stasis, dig shafts and tunnels, four strong arms, antennae 3, cold
resistance 1, fire resistance 1, subdued magic 1, no stealth, inexperienced 1
a: Dig, Shaft Self, Draw Out Power, Renounce Religion, Evoke Invisibility


You were on level 15 of the Dungeon.
You worshipped Ru.
Ru was most pleased with you.
You were near starving.

You visited 1 branch of the dungeon, and saw 13 of its levels.
You visited 1 bazaar.

You collected 632 gold pieces.
You spent 423 gold pieces at shops.

Inventory:

Hand Weapons
 a - a +2 whip of electrocution (weapon)
 r - a +2 flail of protection
 s - a +0 hunting sling
 u - a +0 shortbow
Missiles
 g - 535 stones (quivered)
 p - 7 tomahawks
 v - 307 arrows
 z - 25 poisoned needles
 C - 2 javelins
Armour
 c - a +0 pair of gloves (worn)
 l - a +0 plate armour
 q - a +1 buckler (worn)
 t - a +0 scale mail
 w - a cursed +0 chain mail (worn)
 K - a +0 pair of boots (worn)
Jewellery
 f - a ring of wizardry (right hand)
 x - the amulet "Kur Ofugi" (around neck) {Reflect +Inv SH+3}
   (You acquired it on level 9 of the Dungeon)

   [amulet of reflection]

   It shields you and reflects attacks.
   It lets you turn invisible.
   It affects your SH (+3).
Wands
 b - a wand of acid (0/15)
 H - a wand of lightning (9/15)
 J - a wand of confusion (10/48)
Scrolls
 h - 2 scrolls of enchant weapon
 j - 2 scrolls of remove curse
 m - 2 scrolls of recharging
 n - a scroll of fear
 o - 2 scrolls of enchant armour
 y - 2 scrolls of magic mapping
 A - a scroll of amnesia
 I - 3 scrolls of identify
Potions
 i - 3 potions of curing
 k - 2 potions of heal wounds
 B - a potion of resistance
 E - a potion of ambrosia
 G - a potion of might
 L - a potion of lignification
 M - 3 potions of magic
Comestibles
 d - 8 bread rations
 D - 2 meat rations
 N - 2 royal jellies


   Skills:
 - Level 10.0 Fighting
   Level 1.0 Short Blades
 + Level 12.5 Maces & Flails
 - Level 6.0 Armour
 - Level 2.0 Dodging
 - Level 5.2 Shields
 - Level 4.0 Spellcasting
 - Level 5.0 Hexes


You had 8 spell levels left.
You knew the following spells:

 Your Spells              Type           Power        Failure   Level  Hunger
a - Corona                Hex            ##.....      12%         1    None
b - Confuse               Hex            ##......     32%         3    ###....
c - Tukima's Dance        Hex            ##......     32%         3    ###....
d - Animate Skeleton      Necr           N/A          63%         1    None
e - Apportation           Tloc           #.....       63%         1    None
f - Summon Small Mammal   Summ           #...         63%         1    None


Dungeon Overview and Level Annotations

Branches:
Dungeon (12/15)            Temple (0/1) D:5             Orc (0/2) D:10
   Lair: D:8-11

Altars:
Ashenzari
Elyvilon
Fedhas
Gozag
Hepliaklqana
Makhleb
Nemelex Xobeh
Qazlal
Ru
Sif Muna
Trog
Zin

Shops:
D:6 !   D:8 (   D:10 (

Annotations:
D:11 Gastronok
D:12 Fannar


Innate Abilities, Weirdness & Mutations

You cannot be hasted, slowed, berserked, paralysed or teleported.
You can dig through walls and to a lower floor.
Your four strong arms can wield two-handed weapons with a shield.
You have a pair of large antennae on your head. (SInv)
You cannot be stealthy.
You are somewhat inexperienced. (-2 XL)
Your flesh is cold resistant. (rC+)
Your flesh is heat resistant. (rF+)
Your spells are a little easier to cast, but a little less powerful.


Message History

You kill the meliai!
The wolf spider zombie closely misses you.
The wolf spider zombie bites you but does no damage.
You hit the wolf spider zombie.
The wolf spider zombie is lightly damaged.
You hit the wolf spider zombie.
The wolf spider zombie is lightly damaged.
The wolf spider zombie hits you.
* * * LOW HITPOINT WARNING * * *
The wolf spider zombie bites you but does no damage.
The manticore barely misses you. The manticore claws you.
* * * LOW HITPOINT WARNING * * *
You block the manticore's attack.
You completely miss the wolf spider zombie.
The wolf spider zombie is lightly damaged.
The wolf spider zombie is stunned by your will and fails to attack.
You hit the wolf spider zombie.
The wolf spider zombie is lightly damaged.
The manticore bites you!!
You die...

####.....#. #.....
.......... +......
......... #......
.....#.# ##+#......
#.......
#....}.#'#######....#.#
#......#...............
#....Z.#.........))..#.
#.....@#.....H####{###.
#.....H+......#....[)..
#......#......+........
...#####.......#........
.. #..######........ .
#... .......H#.# #...
............
#.............#.#
#.%......####....


You could see a manticore and a wolf spider zombie.

Vanquished Creatures
  An ogre mage (D:11)
  2 two-headed ogres
  2 ugly things
  A manticore (D:15)
  A cyclops (D:11)
  A guardian serpent (D:9)
  A gargoyle (D:9)
  A meliai (D:15)
  A troll (D:11)
  Grinder (D:5)
  2 hippogriffs
  A shadow (D:15)
  A wraith (D:11)
  5 orc warriors
  2 black bears
  An eye of draining (D:8)
  2 ice beasts
  A phantom (D:7)
  A necrophage (D:9)
  8 centaurs
  An ogre (D:8)
  2 crocodiles
  Blork the orc (D:5)
  A wyvern zombie (D:15)
  11 bullfrogs
  A big kobold (D:9)
  4 scorpions
  7 killer bees
  5 crimson imps
  2 howler monkeys (D:7)
  2 bullfrog zombies
  A hound (D:5)
  A quasit (D:12)
  A centaur zombie (D:10)
  2 centaur skeletons
  2 jellies
  10 orc priests
  8 orc wizards
  3 iguanas
  8 worker ants
  A howler monkey zombie (D:8)
  2 worker ant zombies
  14 adders
  2 shadow imps
  2 adder zombies
  A worm (D:2)
  2 dart slugs
  7 leopard geckos
  38 orcs
  A ball python (D:1)
  4 bats (D:1)
  9 giant cockroaches
  11 hobgoblins
  5 jackals
  7 quokkas
  3 frilled lizards
  14 goblins
  A jackal skeleton (D:7)
  14 kobolds
  A leopard gecko skeleton (D:4)
  A leopard gecko zombie (D:9)
  A quokka skeleton (D:7)
  9 rats
259 creatures vanquished.

Vanquished Creatures (collateral kills)
  An ogre (D:9)
  2 orcs
3 creatures vanquished.

Vanquished Creatures (others)
  A two-headed ogre (D:11)
  A hippogriff (D:8)
  8 dancing weapons
  A leopard gecko (D:8)
  An orc (D:3)
12 creatures vanquished.

Grand Total: 274 creatures vanquished

Notes
Turn   | Place    | Note
-------+----------+-------------------------------------------
     0 | D:1      | xgamer67 the Formicid Enchanter began the quest for the Orb.
     0 | D:1      | Reached XP level 1. HP: 13/13 MP: 3/3
    47 | D:1      | Reached skill level 1 in Fighting
   263 | D:1      | Reached XP level 2. HP: 5/21 MP: 5/5
   838 | D:1      | Reached XP level 3. HP: 28/28 MP: 6/6
  1428 | D:2      | Learned a level 3 spell: Confuse
  1504 | D:2      | Found a sacrificial altar of Ru.
  1702 | D:2      | Became a worshipper of Ru the Awakened
  1958 | D:2      | Reached XP level 4. HP: 35/35 MP: 7/7
  2532 | D:2      | Learned a level 3 spell: Tukima's Dance
  2618 | D:3      | Found a hazy altar of Hepliaklqana.
  2652 | D:3      | Found a faded altar of an unknown god.
  2774 | D:3      | Reached skill level 1 in Shields
  3244 | D:4      | Got a brightly glowing robe
  3255 | D:4      | Identified the cursed +0 robe of the Lobster {rElec rC++ Dex-2 Stlth+} (You found it on level 4 of the Dungeon)
  3322 | D:4      | Reached XP level 5. HP: 18/42 MP: 2/8
  3503 | D:4      | Found a bloodstained altar of Trog.
  3645 | D:4      | Found a blossoming altar of Fedhas.
  3648 | D:4      | Found a deep blue altar of Sif Muna.
  3654 | D:4      | Found a shattered altar of Ashenzari.
  3758 | D:4      | Gained mutation: You cannot be stealthy. [Ru sacrifice]
  3941 | D:5      | Entered Level 5 of the Dungeon
  4173 | D:5      | Learned a level 1 spell: Animate Skeleton
  4186 | D:5      | Found a staircase to the Ecumenical Temple.
  4278 | D:5      | Noticed Grinder
  4281 | D:5      | You fall through a shaft for 2 floors!
  4291 | D:7      | Found a sparkling altar of Nemelex Xobeh.
  4296 | D:7      | Noticed a bullfrog
  4313 | D:7      | Noticed a black bear
  4330 | D:7      | Gained mutation: You have large cloven feet. [potion of mutation]
  4330 | D:7      | Gained mutation: Your spells are a little easier to cast, but a little less powerful. [potion of mutation]
  4330 | D:7      | Gained mutation: You are frail. (-10% HP) [potion of mutation]
  4330 | D:7      | Gained mutation: You are partially covered in molten scales. (AC +2) [potion of mutation]
  4351 | D:7      | Killed a black bear
  4351 | D:7      | Reached skill level 5 in Shields
  4351 | D:7      | Reached XP level 6. HP: 17/43 MP: 4/9
  4609 | D:7      | Reached skill level 5 in Fighting
  4609 | D:7      | Reached XP level 7. HP: 36/50 MP: 3/10
  4933 | D:7      | Reached XP level 8. HP: 40/60 MP: 11/11
  5331 | D:7      | Found a sparkling altar of Nemelex Xobeh.
  5374 | D:7      | Learned a level 1 spell: Apportation
  5376 | D:7      | Learned a level 1 spell: Summon Small Mammal
  5449 | D:6      | Found Bisynledi's Distillery.
  5558 | D:6      | Bought 2 potions of heal wounds for 130 gold pieces
  5558 | D:6      | Bought a potion of mutation for 104 gold pieces
  5558 | D:6      | Lost mutation: You are frail. (-10% HP) [potion of mutation]
  5558 | D:6      | Lost mutation: Your spells are a little easier to cast, but a little less powerful. [potion of mutation]
  5558 | D:6      | Lost mutation: You have large cloven feet. [potion of mutation]
  5558 | D:6      | Lost mutation: You are partially covered in molten scales. (AC +2) [potion of mutation]
  5558 | D:6      | Gained mutation: Your spells are a little easier to cast, but a little less powerful. [potion of mutation]
  5558 | D:6      | Gained mutation: Your flesh is cold resistant. (rC+) [potion of mutation]
  5558 | D:6      | Gained mutation: Your flesh is heat resistant. (rF+) [potion of mutation]
  6140 | D:5      | Found an opulent altar of Gozag.
  6177 | D:5      | Reached skill level 1 in Armour
  6479 | D:3      | Gained mutation: You are somewhat inexperienced. (-2 XL) [Ru sacrifice]
  6479 | D:3      | Reached XP level 7. HP: 56/64 MP: 3/10
  6479 | D:3      | Reached XP level 6. HP: 56/58 MP: 3/9
  6479 | D:3      | Reached * piety under Ru
  6479 | D:3      | Reached ** piety under Ru
  6479 | D:3      | Reached *** piety under Ru
  6621 | D:3      | Reached XP level 7. HP: 55/64 MP: 10/10
  7061 | D:5      | Killed Grinder
  7077 | D:5      | Noticed Blork the orc
  7218 | D:7      | Reached skill level 5 in Armour
  7231 | D:7      | Reached XP level 8. HP: 41/71 MP: 11/11
  7582 | D:7      | Found a stormy altar of Qazlal.
  8308 | D:8      | Reached skill level 10 in Fighting
  8336 | D:8      | Noticed a hippogriff
  8352 | D:8      | Killed a hippogriff
  8477 | D:8      | Reached XP level 9. HP: 78/78 MP: 1/13
  8503 | D:8      | Reached skill level 5 in Hexes
  8769 | D:8      | Found Tigh's Antique Weapon Emporium.
  8779 | D:8      | Bought a runed whip for 104 gold pieces
  8936 | D:8      | Reached skill level 1 in Maces & Flails
  9058 | D:8      | Found a burning altar of Makhleb.
  9058 | D:8      | Found a glowing silver altar of Zin.
  9059 | D:8      | Noticed an angel
  9059 | D:8      | Noticed a balrug
  9161 | D:8      | Reached skill level 2 in Maces & Flails
  9432 | D:9      | Found a white marble altar of Elyvilon.
  9433 | D:9      | Found a sacrificial altar of Ru.
  9473 | D:9      | Reached skill level 3 in Maces & Flails
  9474 | D:9      | Noticed a guardian serpent
  9481 | D:10     | Entered Level 10 of the Dungeon
  9733 | D:10     | Noticed a hippogriff
  9744 | D:10     | Killed a hippogriff
  9744 | D:10     | Reached skill level 4 in Maces & Flails
  9768 | D:10     | Found Lamoqie's Weapon Boutique.
  9978 | D:11     | Found a gateway to a bazaar.
  9988 | D:11     | Noticed a green ugly thing
 10006 | D:11     | Reached skill level 5 in Maces & Flails
 10032 | D:11     | Killed a cyan ugly thing
 10032 | D:11     | Reached skill level 6 in Maces & Flails
 10032 | D:11     | Reached XP level 10. HP: 20/85 MP: 10/16
 10053 | D:11     | Reached skill level 7 in Maces & Flails
 10069 | D:11     | Noticed an ogre mage
 10071 | Bazaar   | Entered a bazaar
 10340 | Bazaar   | Found Vacsaux's Antique Weapon Emporium.
 10351 | Bazaar   | Found Oclyess's Antique Weapon Shoppe.
 10367 | Bazaar   | Found Meoll's Antique Armour Emporium.
 10378 | Bazaar   | Found Gyrutim's Antique Armour Shoppe.
 10403 | Bazaar   | Bought a pair of boots for 85 gold pieces
 10623 | D:10     | Found a staircase to the Orcish Mines.
 11079 | D:10     | Noticed a two-headed ogre
 11237 | D:9      | Identified a scroll of acquirement
 11239 | D:9      | Got a clouded golden amulet
 11240 | D:9      | Identified the amulet "Kur Ofugi" {Reflect +Inv SH+3} (You acquired it on level 9 of the Dungeon)
 11482 | D:5      | Killed Blork the orc
 11883 | D:9      | Reached skill level 8 in Maces & Flails
 12389 | D:9      | Noticed a gargoyle
 12465 | D:9      | Killed a gargoyle
 12756 | D:9      | Noticed a guardian serpent
 12793 | D:9      | Killed a guardian serpent
 12793 | D:9      | Reached skill level 9 in Maces & Flails
 13552 | D:11     | Killed an ogre mage
 13552 | D:11     | Reached skill level 10 in Maces & Flails
 13552 | D:11     | Reached XP level 11. HP: 88/90 MP: 17/17
 13647 | D:11     | Noticed a two-headed ogre
 13663 | D:11     | Killed a two-headed ogre
 13667 | D:11     | Reached skill level 11 in Maces & Flails
 13683 | D:11     | Noticed a two-headed ogre
 13810 | D:11     | Noticed a cyclops
 13841 | D:10     | Killed a two-headed ogre
 14272 | D:11     | Killed a two-headed ogre
 14599 | D:11     | Noticed Gastronok
 14686 | D:11     | Killed a cyclops
 14732 | D:11     | Noticed a cyan ugly thing
 14872 | D:12     | Noticed a brown ugly thing
 14893 | D:12     | Killed a brown ugly thing
 14893 | D:12     | Reached skill level 12 in Maces & Flails
 15037 | D:12     | Noticed Fannar
 15040 | D:12     | You fall through a shaft for 3 floors!
 15040 | D:15     | Entered Level 15 of the Dungeon
 15074 | D:15     | Noticed a manticore
 15097 | D:15     | Killed a manticore
 15531 | D:15     | Noticed a manticore
 15559 | D:15     | HP: 2/90 [manticore (3)]
 15561 | D:15     | Demolished by a manticore

Skill      XL: |  1  2  3  4  5  6  7  8  9 10 11 |
---------------+----------------------------------+-----
Fighting       | 1 2 3 4 5 7 10 | 10.0
Shields        | 2 5 |  5.2
Stealth        | 0 |  0.0
Dodging        | 2 |  2.0
Armour         | 5 6 |  6.0
Hexes          | 4 5 |  5.0
Spellcasting   | 3 4 |  4.0
Maces & Flails | 6 10 12 | 12.5
Short Blades   | |  1.0

Action                   |  1- 3 |  4- 6 |  7- 9 | 10-12 || total
-------------------------+-------+-------+-------+-------++-------
Melee: Dagger            |   160 |   242 |    22 |       ||   424
       Kick              |       |    19 |    21 |       ||    40
       Flail             |       |    12 |   400 |       ||   412
       Whip              |       |       |   125 |   468 ||   593
Throw: Stone             |     6 |       |     8 |       ||    14
 Cast: Confuse           |     1 |    10 |    19 |    19 ||    49
       Tukima's Dance    |       |     2 |     9 |    29 ||    40
       Summon Small Mamm |       |       |     1 |       ||     1
Invok: Sacrifice Stealth |       |     1 |       |       ||     1
       Sacrifice Experie |       |     1 |       |       ||     1
       Draw Out Power    |       |       |     1 |     5 ||     6
       Reject Sacrifices |       |       |     1 |       ||     1
 Abil: Shaft Self        |       |     1 |       |     1 ||     2
Evoke: Wand              |       |       |     3 |     9 ||    12
  Use: Potion            |     1 |     4 |     6 |     2 ||    13
       Scroll            |       |     9 |     5 |     5 ||    19
 Stab: Sleeping          |     7 |     2 |       |       ||     9
       Confused          |     1 |     3 |     5 |    10 ||    19
       Invisible         |       |     3 |       |     5 ||     8
       Distracted        |       |       |     3 |     2 ||     5
  Eat: Chunk             |     4 |    11 |    20 |    16 ||    51
       Fruit             |       |       |     1 |     3 ||     4
       Royal jelly       |       |       |       |     2 ||     2
Armor: Robe              |    20 |     5 |       |       ||    25
       Skin              |     1 |       |     5 |       ||     6
       Leather armour    |     6 |    18 |       |       ||    24
       Scale mail        |       |    28 |   175 |       ||   203
       Chain mail        |       |       |    39 |   130 ||   169
Dodge: Dodged            |    91 |   126 |   241 |    90 ||   548
Block: Buckler           |       |    57 |   130 |   127 ||   314
       Reflection        |       |       |       |    11 ||    11
